 Dungeon Crawl Stone Soup version 0.22-a0-412-g2b68d144a4 (webtiles) character file.

1551 Kriby the Grappler (level 8, -4/81 HPs)
             Began as a Troll Monk on May 12, 2018.
             Was a Priest of Okawaru.
             Killed by divine providence
             ... invoked by an orc priest
              (12 damage)
             ... on level 7 of the Dungeon.
             The game lasted 00:04:58 (5571 turns).

Kriby the Grappler (Troll Monk)                     Turns: 5571, Time: 00:04:59

Health: -4/81      AC:  6    Str: 26    XL:     8   Next: 57%
Magic:  7/7        EV:  8    Int:  6    God:    Okawaru [***...]
Gold:   281        SH:  9    Dex: 12    Spells: 7/7 levels left

rFire    . . .     SeeInvis .     - Unarmed
rCold    . . .     Gourm    +   w - +0 shield
rNeg     . . .     Faith    .   a - +0 robe
rPois    .         Spirit   .   (helmet restricted)
rElec    .         Reflect  .   (no cloak)
rCorr    .         Harm     .   (gloves unavailable)
MR       .....                  (boots unavailable)
Stlth    ++........             (no amulet)
HPRegen  0.63/turn              s - +1 ring of protection
MPRegen  0.10/turn              l - +4 ring of strength

@: berserk cooldown, slowed, very slow
A: large, unfitting armour, claws 3, fast metabolism 3, gourmand, regeneration
1, shaggy fur 1, tough skin 2
a: Heroism, Renounce Religion


You were on level 7 of the Dungeon.
You worshipped Okawaru.
Okawaru was most pleased with you.
You were completely stuffed.

You visited 2 branches of the dungeon, and saw 8 of its levels.
You also visited: Sewer.

You collected 281 gold pieces.

Inventory:

Armour
 a - a +0 robe (worn)
 w - a +0 shield (worn)
Jewellery
 i - an uncursed ring of positive energy
 k - a cursed amulet of inaccuracy {unknown}
 l - a +4 ring of strength (right claw)
 s - a +1 ring of protection (left claw)
 v - an uncursed ring of stealth {unknown}
Wands
 o - a wand of iceblast (10)
 q - a wand of paralysis (17)
 y - a wand of polymorph (13)
Scrolls
 d - 2 scrolls of magic mapping
 f - 6 scrolls of identify
 g - a scroll of enchant armour
Potions
 c - a potion of invisibility
 e - a potion of haste
 h - a potion of might
 j - 4 potions of curing
 n - 2 potions of heal wounds
 p - 6 potions of magic
 r - 3 potions of flight
 z - a potion of cancellation
 A - a potion of agility
Comestibles
 b - 13 rations
 B - 9 chunks of flesh


   Skills:
 + Level 5.5 Fighting
 - Level 2.4 Dodging
 - Level 1.0 Stealth
 * Level 2.2 Shields
 * Level 9.0 Unarmed Combat


You had 7 spell levels left.
You didn't know any spells.
Your spell library was empty.

Dungeon Overview and Level Annotations

Branches:
Dungeon (7/15)             Temple (1/1) D:4

Altars:
Ashenzari
Cheibriados
Dithmenos
Elyvilon
Fedhas
Gozag
Kikubaaqudgha
Makhleb
Nemelex Xobeh
Okawaru
Qazlal
Ru
Sif Muna
Trog
Uskayaw
Vehumet
Wu Jian
Xom
Yredelemnul
Zin
The Shining One

Shops:
D:5 }


Innate Abilities, Weirdness & Mutations

You are too large for most types of armour.
You have claws for hands.
Your metabolism is lightning-fast.
You like to eat raw meat.
Your natural rate of healing is unusually fast.
You are covered in fur. (AC +1)
You have very tough skin. (AC +2)


Message History

Items here: )) [ † a short sword; a hand axe; a leather armour; an orc corpse The orc warrior hits you with a dire flail.
Okay, then.
Evoke which item? (* to show all) (? for menu, Esc to quit)
Okay, then.
The orc wizard gestures wildly while chanting.
The orc wizard blinks!
The orc warrior hits you with a dire flail.
The orc wizard casts a spell.
The orc wizard blinks!
The orc warrior hits you with a dire flail!
* * * LOW HITPOINT WARNING * * *
The orc priest mumbles some strange prayers to Beogh against you.
Beogh smites you!
* * * LOW HITPOINT WARNING * * *
You block the orc warrior's attack.
The orc priest calls down the wrath of Beogh upon you.
Beogh smites you!
You die...

#........# #...#
.......# #........#
#...# #......#
#........#
#...#########.###..###
#........#
#.).......o.....).....
#.#.####.#
#)######..o##.###)....
....# #.#
#)######r..##.# ##.###
#.#### #.#
#(#....o#####.####.###
#.##<###.# #.#.....#
#......... #.##.#...#
#>...@..+ .........)o
#.##.#.###.#.#.....#
#######.###
#....#.....#.#.....#
#.#
######.#####.#......#
#.# #......#.###....#
#.# ##.......###....#
#.# #.#.#...........
#. #.#.#######....##
#.#.# .


You could see an orc warrior, an orc priest, an orc wizard and a quokka.

Vanquished Creatures
  An orc warrior (D:7)
  A sky beast (D:6)
  2 big kobolds (Sewer)
  2 wights (D:6)
  2 howler monkeys
  2 crimson imps (D:5)
  2 bullfrog zombies (D:6)
  3 hounds
  4 jellies
  An orc priest (D:6)
  3 orc wizards
  A bullfrog skeleton (D:6)
  Ijyb (D:3)
  5 worker ants
  A hound skeleton (D:6)
  A worker ant zombie (D:5)
  9 adders
  A howler monkey skeleton (D:6)
  13 gnolls
  5 river rats
  3 oozes (Sewer)
  An adder zombie (D:6)
  2 worms
  A dart slug (D:2)
  3 leopard geckos
  18 orcs
  3 ball pythons
  6 bats
  6 giant cockroaches
  8 goblins
  10 hobgoblins
  3 jackals (D:1)
  12 kobolds
  4 quokkas
  4 frilled lizards
  A leopard gecko skeleton (D:5)
  A leopard gecko zombie (D:5)
  2 quokka skeletons
  15 rats
163 creatures vanquished.

Notes
Turn   | Place    | Note
-------+----------+-------------------------------------------
     0 | D:1      | Kriby the Troll Monk began the quest for the Orb.
     0 | D:1      | Reached XP level 1. HP: 22/22 MP: 0/0
   213 | D:1      | Reached XP level 2. HP: 29/29 MP: 1/1
   891 | D:2      | Reached XP level 3. HP: 36/36 MP: 2/2
   995 | D:2      | Reached skill level 4 in Unarmed Combat
  1226 | D:3      | Noticed Ijyb
  1240 | D:3      | Killed Ijyb
  1240 | D:3      | Reached XP level 4. HP: 26/45 MP: 3/3
  1560 | D:3      | Reached skill level 5 in Unarmed Combat
  1560 | D:3      | Reached XP level 5. HP: 50/53 MP: 4/4
  1779 | D:3      | Found a glowing drain.
  1786 | Sewer    | Entered a sewer
  1929 | Sewer    | Reached skill level 6 in Unarmed Combat
  1929 | Sewer    | Reached XP level 6. HP: 56/62 MP: 5/5
  2777 | D:4      | Found a staircase to the Ecumenical Temple.
  2902 | Temple   | Entered the Ecumenical Temple
  2992 | Temple   | Became a worshipper of Warmaster Okawaru
  2992 | Temple   | Reached * piety under Okawaru
  2992 | Temple   | Reached ** piety under Okawaru
  3237 | D:4      | Found a glowing golden altar of the Shining One.
  3237 | D:4      | Found a hide-covered altar of Uskayaw.
  3458 | D:5      | Entered Level 5 of the Dungeon
  3486 | D:5      | Reached XP level 7. HP: 68/70 MP: 6/6
  3518 | D:5      | Found a shimmering altar of Xom.
  3520 | D:5      | Reached skill level 7 in Unarmed Combat
  3748 | D:5      | Found Monoar's Gadget Shop.
  4088 | D:5      | Found a white marble altar of Elyvilon.
  4466 | D:6      | Reached skill level 8 in Unarmed Combat
  4485 | D:6      | Found an iron altar of Okawaru.
  4510 | D:6      | Reached skill level 5 in Fighting
  4552 | D:6      | Reached XP level 8. HP: 64/80 MP: 7/7
  4569 | D:6      | Reached *** piety under Okawaru
  4768 | D:6      | Reached skill level 1 in Shields
  5531 | D:7      | Reached skill level 9 in Unarmed Combat
  5571 | D:7      | Killed from afar by an orc priest

Vault maps used:
D:1:      minmay_arrival_four_houses
D:2:      first_ration, grunt_decor_cap
D:3:      portal_sewer_entry_e, minivault_25, uniq_ijyb
D:4:      gammafunk_temple_overflow_wave, minmay_temple_entry_statues_pillars
D:5:      old_standard_altar, elyvilon_altar_3, serial_shops, shop
D:6:      cheibrodos_quashed, minmay_fountain_box, okawaru_altar_gauntlet_db
D:7:      uniq_pikel
Temple:   minmay_crystal_spiral_temple
Sewer:    sewer_co_15_rooms

Skill      XL: |  1  2  3  4  5  6  7  8 |
---------------+-------------------------+-----
Unarmed Combat | 4 5 6 8 9 |  9.0
Fighting       | 3 4 5 |  5.5
Shields        | 2 |  2.2
Dodging        | |  2.4
Stealth        | |  1.0

Action                   |  1- 3 |  4- 6 |  7- 9 || total
-------------------------+-------+-------+-------++-------
Melee: Unarmed           |    95 |   183 |   151 ||   429
       Punch             |     2 |     3 |     4 ||     9
  Use: Potion            |       |    10 |     1 ||    11
       Scroll            |       |     6 |     3 ||     9
 Stab: Sleeping          |     2 |     3 |     1 ||     6
  Eat: Chunk             |    17 |    18 |    22 ||    57
Armor: Robe              |    20 |    72 |    25 ||   117
Dodge: Dodged            |    44 |    97 |    60 ||   201
Block: Shield            |       |       |    16 ||    16

Table legend:
 A = Spawn XP
 B = Non-spawn XP
 C = Spawn XP percentage of total XP
 D = Spawn monster count
 E = Non-spawn monster count
 F = Spawn count percentage of total count
 G = Total turns spent on level
                    A         B        C        D         E        F      G
               +---------+---------+-------+---------+---------+-------+---------
         Total |       0 |    2217 |   0.0 |       0 |     163 |   0.0 |  5571
               +---------+---------+-------+---------+---------+-------+---------
           D:1 |       0 |      31 |   0.0 |       0 |      19 |   0.0 |   818
           D:2 |       0 |      42 |   0.0 |       0 |      14 |   0.0 |   357
           D:3 |       0 |     266 |   0.0 |       0 |      40 |   0.0 |   891
           D:4 |       0 |      95 |   0.0 |       0 |       8 |   0.0 |   863
           D:5 |       0 |     519 |   0.0 |       0 |      26 |   0.0 |   884
           D:6 |       0 |     733 |   0.0 |       0 |      26 |   0.0 |  1098
           D:7 |       0 |     252 |   0.0 |       0 |      12 |   0.0 |   131
         Sewer |       0 |     279 |   0.0 |       0 |      18 |   0.0 |   357
               +---------+---------+-------+---------+---------+-------+---------
